 Dungeon Crawl Stone Soup version 0.29-a0-330-g52719c12eb (webtiles) character file.

Game seed: 15780043348698530363

388 DavidChitty2 the Chopper (level 6, -5/56 HPs)
             Began as a Minotaur Fighter on Apr 27, 2022.
             Slain by Duvessa
             ... wielding a +2 short sword of venom
              (8 damage)
             ... on level 4 of the Dungeon.
             The game lasted 00:03:12 (3497 turns).

DavidChitty2 the Chopper (Minotaur Fighter)         Turns: 3497, Time: 00:03:12

Health: -5/56      AC: 14    Str: 22    XL:     6   Next: 49%
Magic:  5/5        EV:  6    Int:  5    God:
Gold:   116        SH:  5    Dex: 10    Spells: 5/5 levels left

rFire   . . .      SeeInvis .   a - +0 war axe
rCold   . . .      Faith    .   c - +0 buckler
rNeg    . . .      Spirit   .   k - +0 plate armour
rPois   .          Reflect  .   (helmet restricted)
rElec   .          Harm     .   (no cloak)
rCorr   .          Rampage  .   m - +1 pair of gloves
Will    .....                   (no boots)
Stlth   ..........              (no amulet)
HPRegen 0.18/turn               (no ring)
MPRegen 0.09/turn               (no ring)

@: lethally poisoned (-5 -> -21)
A: horns 2, retaliatory headbutt
a: no special abilities


You were on level 4 of the Dungeon.
You visited 1 branch of the dungeon, and saw 4 of its levels.
You also visited: Sewer.

You collected 116 gold pieces.

Inventory:

Hand Weapons
 a - a +0 war axe (weapon)
Armour
 c - a +0 buckler (worn)
 k - a +0 plate armour (worn)
   (You found it on level 2 of the Dungeon)
 m - a +1 pair of gloves (worn)
   (You found it on level 3 of the Dungeon)
Jewellery
 t - a ring of positive energy
   (You found it on level 4 of the Dungeon)
Scrolls
 f - 2 scrolls of amnesia {unknown}
 g - 3 scrolls of fog {unknown}
 h - 2 scrolls of vulnerability {unknown}
 i - 4 scrolls of teleportation {unknown}
 j - a scroll of blinking {unknown}
 p - 2 scrolls of enchant armour {unknown}
 q - 3 scrolls of identify {unknown}
Potions
 d - 2 potions of might
 e - 4 potions of heal wounds {unknown}
 l - a potion of magic {unknown}
 n - 2 potions of ambrosia {unknown}
 o - a potion of berserk rage {unknown}
 r - a potion of mutation {unknown}
 s - a potion of degeneration {unknown}


   Skills:
 + Level 5.1 Fighting
 * Level 5.6 Axes
 + Level 5.1 Armour
 + Level 5.1 Shields


You had 5 spell levels left.
You didn't know any spells.
Your spell library contained the following spells:

 Spells                   Type           Power      Damage    Failure   Level
 Magic Dart               Conj           0%         1d3       100%        1
 Call Imp                 Summ           0%         N/A       100%        2
 Ensorcelled Hibernation  Hex/Ice        0%         N/A       100%        2
 Passwall                 Tmut/Erth      0%         N/A       100%        2
 Mephitic Cloud           Conj/Pois/Air  0%         N/A       100%        3
 Swiftness                Air            0%         N/A       100%        3


Dungeon Overview and Level Annotations

Branches:
Dungeon (4/15)              Sewer (visited)
 Temple: D:4-7

Altars:
Fedhas
Qazlal

Annotations:
D:3 exclusion: oklob plant
D:4 Duvessa


Innate Abilities, Weirdness & Mutations

You have a pair of horns on your head.
You reflexively headbutt those who attack you in melee.


Message History

You are lethally poisoned!
Dowan points at you and mumbles some strange words.
The puff of flame misses you.
You feel better.
Duvessa hits you with a +2 short sword of venom!
You are poisoned.
Dowan hits you but does no damage.
You closely miss Dowan. You hit Duvessa.
You feel very sick.
Duvessa says, "Beauty is only skin deep, and my weapons penetrate much further than that."
Duvessa hits you but does no damage.
You are more poisoned.
Duvessa hits you with a +2 short sword of venom.
* * * LOW HITPOINT WARNING * * *
You are lethally poisoned!
Dowan completely misses you.
You slash Duvessa! You closely miss Dowan.
* * * LOW HITPOINT WARNING * * *
You feel extremely sick.
Duvessa hits you with a +2 short sword of venom.
* * * LOW HITPOINT WARNING * * *
You are more poisoned.
Duvessa hits you with a +2 short sword of venom.
* * * LOW HITPOINT WARNING * * *
You are more poisoned.
You block Dowan's attack.
You feel better. Duvessa hits you but does no damage.
You are poisoned.
You block Dowan's attack. Duvessa barely misses you.
You closely miss Duvessa. You hit Dowan.
You kill Dowan!
Duvessa screams, "No!
How DARE you!"
Duvessa goes berserk!
You feel very sick.
Duvessa hits you with a +2 short sword of venom!
* * * LOW HITPOINT WARNING * * *
You are lethally poisoned!
You feel better. Duvessa barely misses you. You furiously retaliate!
You headbutt Duvessa!
Duvessa hits you with a +2 short sword of venom!
* * * LOW HITPOINT WARNING * * *
You are lethally poisoned!
You slash Duvessa! Your headbutt misses Duvessa.
* * * LOW HITPOINT WARNING * * *
You feel very sick.
Duvessa hits you with a +2 short sword of venom.
* * * LOW HITPOINT WARNING * * *
You are more poisoned.
Duvessa hits you with a +2 short sword of venom!
You die...

##....#
#.####
###...## ##
###...#..##
###...####..#
#####
##...###
##.## ##....#
...### ##.##
....... ####
##.##.......
# ##.#.......
#.@e......
##.)......
##.......
#......
#.#... #. #.
.. ..


You could see Duvessa (berserk, fast).

Vanquished Creatures
  A water moccasin (Sewer)
  A necrophage (D:3)
  Dowan (D:4)
  An orc priest (D:4)
  6 adders
  2 river rats (D:4)
  A worm (D:2)
  2 dart slugs (D:1)
  7 orcs
  3 endoplasms
  3 giant cockroaches
  5 hobgoblins
  5 jackals
  2 quokkas
  5 ball pythons
  4 bats
  2 frilled lizards (D:3)
  A goblin (D:1)
  6 kobolds
  6 rats
64 creatures vanquished.

Vanquished Creatures (others)
  12 toadstools (D:3)
12 creatures vanquished.

Grand Total: 76 creatures vanquished

Notes
Turn   | Place    | Note
-------+----------+-------------------------------------------
     0 | D:1      | DavidChitty2 the Minotaur Fighter began the quest for the
                  | Orb.
     0 | D:1      | Reached XP level 1. HP: 19/19 MP: 0/0
    22 | D:1      | Found a faded altar of an unknown god.
   426 | D:1      | Reached XP level 2. HP: 27/27 MP: 1/1
  1181 | D:2      | Identified the +5 robe of Paranoia {rF+}
  1190 | D:2      | Reached XP level 3. HP: 33/33 MP: 2/2
  1899 | D:3      | Reached XP level 4. HP: 38/40 MP: 3/3
  2161 | D:3      | Found a stormy altar of Qazlal.
  2223 | D:3      | Noticed a necrophage
  2231 | D:3      | Killed a necrophage
  2232 | D:3      | Reached XP level 5. HP: 29/47 MP: 4/4
  2464 | D:3      | Found a blossoming altar of Fedhas.
  2488 | D:3      | Noticed an oklob plant
  2855 | D:4      | Found a glowing drain.
  2972 | Sewer    | Entered a sewer
  3037 | Sewer    | Noticed a water moccasin
  3049 | Sewer    | Killed a water moccasin
  3050 | Sewer    | Reached skill level 5 in Axes
  3050 | Sewer    | Reached XP level 6. HP: 29/55 MP: 5/5
  3387 | D:4      | Reached skill level 5 in Fighting
  3387 | D:4      | Reached skill level 5 in Armour
  3387 | D:4      | Reached skill level 5 in Shields
  3482 | D:4      | Noticed Dowan
  3483 | D:4      | Noticed Duvessa
  3495 | D:4      | Killed Dowan
  3497 | D:4      | Slain by Duvessa

Illustrated notes

Levels and vault maps discovered:
D:1:      evilmike_arrival_crescent, layout_basic,
          ebering_ecumenical_altar_rust, st_stairs_2
D:2:      layout_loops_ring
D:3:      layout_loops_cross, grunt_qazlal_clouds, tgw_fedhas,
          grunt_ministairs_11, minmay_misc_feat_tower
D:4:      layout_cave_pods, portal_sewer_entry_b, kennysheep_generic_room_9,
          uniq_duvessa

Skill      XL: |  1  2  3  4  5  6 |
---------------+-------------------+-----
Axes           | 3 4 5 |  5.6
Fighting       | 4 5 |  5.1
Armour         | 4 5 |  5.1
Shields        | 4 5 |  5.1

Action                   |  1- 3 |  4- 6 || total
-------------------------+-------+-------++-------
Melee: War axe           |    72 |    79 ||   151
       Headbutt          |     9 |     5 ||    14
  Use: Potion            |       |     4 ||     4
Armor: Chain mail        |    30 |       ||    30
       Scale mail        |     9 |       ||     9
       Plate armour      |    12 |    78 ||    90
Dodge: Dodged            |    31 |    26 ||    57
Block: Buckler           |    17 |    20 ||    37

Table legend: (Time is in decaauts)
 A = Elapsed time spent in this place.
 B = Non-inter-level travel time spent in this place.
 C = Inter-level travel time spent in this place.
 D = Time resting spent in this place.
 E = Time spent auto-exploring this place.
 F = Levels seen in this place.
 G = Mean time per level.
                   A        B        C        D        E       F      G
               +--------+--------+--------+--------+--------+-----+--------+
         Total |   3569 |   3427 |    142 |    511 |   2357 |   5 |  713.8 |
       Dungeon |   3285 |   3143 |    142 |    368 |   2271 |   4 |  821.2 |
         Sewer |    283 |    283 |      0 |    143 |     86 |   1 |  283.0 |
               +--------+--------+--------+--------+--------+-----+--------+

Top non-repeatable levels by time:
     D:1: 1183 daAuts
     D:3: 990 daAuts
     D:2: 723 daAuts
     D:4: 388 daAuts
   Sewer: 283 daAuts
